Map: [ESL] Alcyone

Players

FoxeR

  • Race: Terran Terran
  • Spawn Location: 1:00

Cyan - Winner!

  • Race: Protoss Protoss
  • Spawn Location: 7:00

Event: ESL Spring 2024 Finals

VOD

Have the link to the VOD?

Description

Time

  • Played on: May 31, 2024, 7:06 p.m.
  • Length: 12:26

All games in this series

Show
View Real Time Build Order
Export as new Build Order

FoxeR Terran 

Build Orders: Reaper Expand 

Get SALT Encoding   

  12  0:00  SCV  
  13  0:12  SCV  
  14  0:16  Supply Depot  
  14  0:24  SCV  
  15  0:38  SCV  
  15  0:40  Barracks  
  16  0:44  Refinery  
  16  0:50  SCV  
  17  1:02  SCV  
  18  1:14  SCV  
  19  1:27  Orbital Command, Reaper  
  20  1:43  Command Center  
  20  1:52  SCV  
  21  1:56  Supply Depot  
  21  1:58  Marine  
  22  2:05  SCV  
  23  2:16  Command Center  
  23  2:21  SCV  
  23  2:22  Marine  
  25  2:33  SCV  
  26  2:41  Barracks Reactor  
  26  2:43  Bunker  
  26  2:45  SCV  
  27  2:56  Barracks  
  27  2:57  SCV, Barracks  
  28  3:02  Orbital Command  
  28  3:10  SCV  
  29  3:19  Marine x2  
  30  3:22  SCV  
  32  3:27  Supply Depot  
  32  3:29  SCV  
  32  3:34  SCV  
  34  3:37  Marine x2  
  36  3:42  Orbital Command, SCV  
  36  3:45  Barracks Tech Lab x2  
  36  3:46  SCV  
  37  3:54  SCV, Marine  
  37  3:55  Marine  
  39  3:58  SCV  
  39  3:59  Engineering Bay  
  39  4:01  Refinery  
  41  4:05  Stimpack  
  41  4:06  SCV  
  41  4:07  Combat Shield  
  41  4:09  SCV, Marine  
  44  4:11  Marine  
  44  4:12  Marine  
  44  4:13  SCV, Marine  
  48  4:18  SCV, Refinery  
  48  4:24  SCV  
  50  4:27  SCV, Marine  
  50  4:28  Marine  
  50  4:30  Marine  
  50  4:31  Supply Depot, Marine  
  54  4:33  SCV  
  54  4:37  SCV  
  56  4:40  SCV  
  56  4:42  Factory  
  56  4:45  SCV, Marine  
  59  4:46  Marine  
  59  4:48  Supply Depot, Marine  
  59  4:49  SCV, Marine  
  63  4:53  SCV  
  63  4:55  Refinery  
  63  4:58  SCV  
  65  5:04  SCV, Marauder  
  65  5:05  Marauder  
  65  5:06  Terran Infantry Weapons Level 1  
  70  5:08  SCV  
  70  5:10  Orbital Command, SCV, Supply Depot  
  70  5:12  Marine x2  
  74  5:23  SCV x2  
  74  5:25  Marine, Marauder  
  74  5:26  Starport  
  74  5:27  Factory Reactor  
  79  5:35  SCV x3  
  80  5:40  Marine  
  83  5:44  Marauder  
  83  5:45  Barracks x2  
  83  5:47  SCV x2  
  83  5:48  SCV  
  83  5:49  Marauder  
  88  6:02  Marine  
  88  6:03  SCV x2, Marine  
  90  6:05  Marauder  
  90  6:07  Supply Depot  
  90  6:08  Supply Depot  
  90  6:10  Supply Depot  
  90  6:11  Marauder  
  93  6:12  Supply Depot  
  93  6:17  SCV  
  93  6:21  SCV  
  93  6:25  Concussive Shells, Factory Reactor  
  93  6:28  Medivac x2  
  93  6:29  SCV x2, Marauder  
  93  6:32  Armory  
  101  6:33  Engineering Bay  
  101  6:36  Barracks Tech Lab, Barracks Reactor  
  101  6:38  SCV  
  102  6:41  SCV x2  
  102  6:44  Marine  
  102  6:45  Marine, Marauder  
  108  6:50  SCV, Missile Turret  
  108  6:51  Marine  
  108  6:53  SCV x2  
  110  6:58  Medivac  
  110  6:59  Supply Depot x2  
  113  7:01  Marauder  
  113  7:02  SCV  
  113  7:05  SCV  
  113  7:06  Marauder  
  113  7:08  SCV  
  118  7:09  Marauder  
  118  7:14  SCV  
  121  7:16  Terran Infantry Armor Level 1  
  121  7:20  Medivac  
  121  7:21  Marine x2  
  121  7:22  Marine x2, Marauder  
  131  7:24  Supply Depot  
  131  7:26  Supply Depot  
  129  7:32  Command Center  
  129  7:36  Marauder  
  130  7:37  Marauder  
  130  7:39  Marine  
  130  7:40  Medivac  
  130  7:41  Widow Mine x2  
  130  7:44  Marauder  
  139  7:45  Refinery  
  139  7:47  Refinery  
  139  7:48  Supply Depot  
  139  7:49  Supply Depot  
  139  7:56  SCV x2  
  139  7:57  Missile Turret  
  139  7:58  Missile Turret x2  
  141  8:00  Ghost Academy  
  141  8:01  Supply Depot  
  141  8:02  Marine, Marauder x2  
  146  8:09  Marauder  
  146  8:10  Marine x2  
  143  8:21  Medivac  
  143  8:23  Marauder  
  143  8:24  SCV  
  143  8:27  Marauder  
  143  8:30  Marine x2  
  143  8:31  Marauder, Widow Mine x2, Medivac  
  143  8:32  SCV x2  
  154  8:37  Barracks  
  154  8:39  Barracks x2  
  154  8:42  SCV  
  154  8:44  SCV, Sensor Tower  
  154  8:47  SCV  
  159  8:54  SCV  
  159  8:55  Medivac  
  166  8:56  SCV, Ghost x3  
  166  9:00  SCV  
  166  9:01  Viking  
  170  9:06  SCV  
  170  9:09  Sensor Tower  
  171  9:15  Marine x2  
  171  9:16  Widow Mine  
  174  9:23  Marine  
  175  9:25  Ghost x3  
  175  9:28  Barracks Tech Lab x2  
  169  9:39  SCV x2, Marine  
  169  9:42  Marine  
  169  9:44  Marine x2  
  169  9:45  SCV  
  163  9:52  SCV, Terran Infantry Armor Level 2  
  151  9:54  Marauder x2  
  151  9:55  Engineering Bay, Armory  
  150  10:02  Marauder  
  150  10:03  SCV, Marauder x2, Viking x2  
  150  10:04  SCV  
  153  10:07  Marine  
  153  10:13  Marine  
  153  10:14  Marine  
  145  10:15  Marauder x2  
  138  10:23  Marine  
  138  10:24  Marauder x3  
  138  10:25  SCV x3  
  148  10:31  Barracks Tech Lab  
  148  10:37  Sensor Tower  
  148  10:49  Supply Depot, Viking  
  156  10:50  SCV x3, Marauder x2  
  157  11:02  SCV  
  158  11:04  Missile Turret  
  158  11:05  SCV x2  
  160  11:12  Missile Turret  
  160  11:16  Missile Turret  
  160  11:21  SCV, Marauder x2  
  160  11:25  Marauder  
  163  11:45  Supply Depot x3  
  163  11:46  Supply Depot  
  161  11:53  Viking  
  157  11:56  Marine  
  157  11:57  SCV  
  157  12:06  Marine  
Show
View Real Time Build Order
Export as new Build Order

Cyan Protoss - Winner!

Build Orders: 1 Gate Expand, Blink Stalkers 

Get SALT Encoding   

  12  0:00  Probe  
  13  0:12  Probe  
  14  0:17  Pylon  
  14  0:24  Probe (Chrono Boost)  
  15  0:36  Probe (Chrono Boost)  
  15  0:38  Gateway  
  16  0:44  Probe (Chrono Boost)  
  16  0:47  Assimilator  
  17  0:51  Probe  
  18  1:03  Probe  
  19  1:15  Probe  
  20  1:25  Cybernetics Core  
  20  1:33  Nexus  
  20  1:36  Probe  
  21  1:42  Pylon  
  21  1:48  Probe  
  21  1:50  Assimilator  
  22  1:59  Adept (Chrono Boost)  
  22  2:00  Probe  
  23  2:02  Warp Gate  
  25  2:13  Probe  
  26  2:25  Probe  
  26  2:26  Twilight Council  
  27  2:32  Stalker  
  29  2:38  Probe  
  29  2:40  Gateway  
  30  2:47  Probe (Chrono Boost)  
  30  2:50  Probe (Chrono Boost)  
  32  2:53  Blink (Chrono Boost)  
  33  3:01  Probe (Chrono Boost)  
  33  3:02  Probe (Chrono Boost)  
  34  3:05  Probe (Chrono Boost)  
  34  3:09  Stalker, Probe  
  38  3:19  Probe  
  39  3:22  Probe  
  39  3:23  Pylon  
  40  3:29  Robotics Facility  
  40  3:31  Probe  
  41  3:34  Probe  
  42  3:43  Probe  
  42  3:46  Probe  
  44  3:51  Nexus  
  44  3:55  Stalker  
  46  3:59  Stalker  
  46  4:00  Probe  
  49  4:03  Probe  
  49  4:07  Pylon  
  50  4:13  Probe  
  50  4:14  Pylon  
  50  4:16  Observer, Probe  
  53  4:25  Probe  
  53  4:26  Stalker x2  
  59  4:31  Gateway, Probe  
  59  4:35  Assimilator  
  59  4:37  Probe  
  60  4:40  Charge (Chrono Boost)  
  60  4:43  Gateway, Probe  
  61  4:49  Forge  
  61  4:53  Observer  
  61  4:54  Probe  
  61  4:57  Pylon  
  61  4:58  Shield Battery  
  61  4:59  Probe  
  64  5:04  Stalker  
  64  5:06  Probe  
  67  5:08  Stalker  
  67  5:09  Probe  
  67  5:11  Probe (Chrono Boost)  
  71  5:17  Observer  
  71  5:18  Probe (Chrono Boost)  
  73  5:22  Probe (Chrono Boost)  
  73  5:24  Probe (Chrono Boost)  
  73  5:27  Forge  
  76  5:29  Forge  
  76  5:30  Probe (Chrono Boost)  
  76  5:31  Probe (Chrono Boost)  
  76  5:34  Probe (Chrono Boost)  
  78  5:37  Probe  
  78  5:38  Probe  
  80  5:43  Probe  
  80  5:44  Immortal  
  80  5:48  Gateway  
  80  5:49  Pylon  
  85  5:50  Gateway  
  85  6:01  Gateway  
  82  6:04  Gateway  
  82  6:05  Pylon  
  82  6:07  Stalker x3  
  82  6:10  Stalker  
  90  6:15  Protoss Ground Weapons Level 1 (Chrono Boost)  
  90  6:21  Probe  
  90  6:22  Probe x2  
  90  6:23  Warp Prism (Chrono Boost)  
  90  6:24  Assimilator  
  90  6:25  Protoss Ground Armor Level 1 (Chrono Boost)  
  93  6:26  Pylon  
  95  6:33  Probe  
  95  6:34  Probe, Pylon  
  95  6:36  Assimilator  
  95  6:37  Sentry  
  95  6:39  Zealot x3  
  105  6:50  Zealot x2  
  109  6:55  Robotics Bay  
  109  6:58  Zealot x2  
  109  6:59  Zealot x3  
  119  7:02  Pylon  
  119  7:03  Probe  
  119  7:05  Pylon  
  119  7:06  Zealot  
  122  7:12  Robotics Facility  
  122  7:17  Zealot x2  
  122  7:21  Pylon  
  125  7:27  Observer, Nexus  
  126  7:30  Pylon  
  126  7:34  Zealot  
  126  7:35  Zealot x3  
  134  7:38  Zealot x3  
  134  7:42  Zealot  
  142  7:45  Colossus (Chrono Boost)  
  142  7:49  Extended Thermal Lance (Chrono Boost)  
  148  7:55  Shield Battery  
  148  7:57  Pylon  
  148  7:59  Probe x2  
  148  8:00  Probe  
  151  8:06  Protoss Ground Weapons Level 2 (Chrono Boost)  
  151  8:10  Zealot x4  
  155  8:14  Pylon  
  155  8:15  Pylon, Colossus  
  155  8:16  Pylon  
  152  8:20  Protoss Ground Armor Level 2 (Chrono Boost)  
  152  8:23  Colossus  
  152  8:37  Probe x3  
  155  8:43  Gateway  
  155  8:46  Gateway  
  155  8:49  Probe  
  155  8:51  Probe x2  
  155  8:52  Probe  
  155  8:54  Photon Cannon  
  159  8:56  Shield Battery  
  159  9:01  Probe  
  160  9:06  Zealot x2  
  160  9:07  Zealot x2  
  168  9:13  Zealot  
  168  9:14  Pylon  
  164  9:20  Disruptor  
  164  9:22  Gravitic Drive  
  164  9:23  Disruptor  
  167  9:35  Zealot x8  
  183  9:40  Zealot x2  
  183  9:49  Nexus  
  183  9:52  Pylon  
  181  9:58  Pylon  
  175  10:02  Zealot x2  
  175  10:03  Zealot x7, Observer  
  183  10:11  Disruptor x2  
  153  10:30  Robotics Facility  
  153  10:32  Probe  
  153  10:34  Shield Battery  
  154  10:37  Photon Cannon  
  154  10:38  Dark Shrine  
  154  10:39  Shield Battery  
  154  10:44  Warp Prism (Chrono Boost)  
  154  10:47  Stalker x4  
  162  10:51  Observer (Chrono Boost)  
  162  10:55  Pylon  
  163  10:58  Stalker x2  
  163  10:59  Stalker x2, Zealot  
  163  11:03  Observer (Chrono Boost)  
  174  11:06  Pylon  
  174  11:09  Zealot  
  174  11:10  Zealot x4  
  174  11:11  Pylon  
  191  12:09  Nexus  
  191  12:10  Pylon  
  191  12:11  Zealot x3  
  191  12:12  Zealot x7  
Tags
 
Add a new tag
Caveats
  • Supply blocks, unpowered buildings, or Contaminate may cause inaccurate times.
  • Supply counts are checked every 10 seconds.